 Dungeon Crawl Stone Soup version 0.30-a0-125-g51eefa89be (webtiles) character file.

Game seed: 16145048628172145406

184 NinjaNoafa the Magician (level 5, 0/35 HPs)
             Began as a Djinni Venom Mage on Sept 16, 2022.
             Slain by an ogre
             ... wielding a +0 giant club
              (21 damage)
             ... on level 4 of the Dungeon on Sept 18, 2022.
             The game lasted 00:08:07 (4557 turns).

NinjaNoafa the Magician (Djinni Venom Mage)         Turns: 4557, Time: 00:08:08

Health: 0/35       AC:  5    Str: 11    XL:     5   Next: 96%
Gold:   142        EV: 12    Int: 17    God:
                   SH:  0    Dex: 13

rFire   + + .      SeeInvis .    c - +0 dagger
rCold   x . .      Faith    .    (no shield)
rNeg    + . .      Spirit   .    a - +0 robe
rPois   ∞          Reflect  .    d - +0 helmet
rElec   .          Harm     .    n - +0 cloak
rCorr   .          Rampage  .    w - +0 pair of gloves
Will    .....                    (boots unavailable)
Stlth   ++........               (no amulet)
HPRegen 0.11/turn                r - ring of positive energy
MPRegen 0.00/turn                (no ring)

@: weak-willed, flying, unable to read
A: sickness immunity, fire resistance 2, cold vulnerability 1, float, innate
caster, HP casting, extra vitality 1, strong 1, inability to read after injury
1, MP-powered wands, devolution 1
a: no special abilities


You were on level 4 of the Dungeon.
You visited 1 branch of the dungeon, and saw 4 of its levels.

You collected 142 gold pieces.

Inventory:

Hand Weapons
 c - a +0 dagger (weapon)
Missiles
 b - 17 stones
 p - 3 silver javelins
 v - 4 poisoned darts
 x - 3 javelins
Armour
 a - a +0 robe (worn)
 d - a +0 helmet (worn)
 n - a +0 cloak (worn)
 w - a +0 pair of gloves (worn)
Jewellery
 r - a ring of positive energy (left hand)
Scrolls
 e - a scroll of noise
 f - a scroll of blinking
 i - a scroll of teleportation
Potions
 g - a potion of flight {unknown}
 h - a potion of attraction
 j - a potion of brilliance {unknown}
 l - 2 potions of lignification
 m - a potion of degeneration {unknown}
 o - a potion of curing
 q - a potion of magic {unknown}
 s - a potion of ambrosia {unknown}


   Skills:
 - Level 2.1 Dodging
 - Level 1.5 Stealth
 + Level 4.7 Spellcasting


You couldn't memorise any spells.
You knew the following spells:

 Your Spells              Type           Power      Damage    Failure   Level
a - Sting                 Tmut/Pois      80%        1d7       1%          1
b - Poisonous Vapours     Pois/Air       40%        N/A       3%          2
c - Mephitic Cloud        Conj/Pois/Air  20%        N/A       6%          3
d - Olgreb's Toxic Radia  Pois           20%        N/A       21%         4
e - Freeze                Ice            80%        1d9       1%          1
f - Scorch                Fire           40%        2d7       3%          2
Your spell library was empty.

Dungeon Overview and Level Annotations

Branches:
Dungeon (4/15)
 Temple: D:4-7

Altars:
Cheibriados
Trog

Annotations:
D:4 Grinder


Innate Abilities, Weirdness & Mutations

You are immune to sickness and miasma.
You are immune to poison.
Your flesh is very heat resistant. (rF++)
You are vulnerable to cold. (rC-)
You float through the air rather than walking.
You learn spells naturally, not from books.
Your magical power is your life essence.
You have superior vitality. (+4 MHP)
Your muscles are strong. (Str +4, Int/Dex -1)
You occasionally lose the ability to read scrolls when taking damage.
You expend health (3 HP) to strengthen your wands.
You have hidden genetic defects.


Message History

Found a short lead wand.
Found a bubbling green potion.
As you read the scroll labelled CIEXOT MICS, it crumbles to dust.
You assume a fearsome visage.
The ogre looks frightened!
It was a scroll of fear.
The ogre prays for help.
A goblin comes into view. It is wielding a +0 club.
Found a scroll of blinking and an emerald potion.
The goblin shouts!
The goblin unwields a +0 club.
The goblin wields a +0 sling.
The goblin shoots a sling bullet.
The sling bullet hits you.
j - a bubbling green potion
There are no items here.
The goblin shoots a sling bullet.
The sling bullet closely misses you.
The goblin shoots a sling bullet.
The sling bullet hits you.
As you read the scroll labelled ACUNA VAZOT, it crumbles to dust.
Magic quickly surges around you.
It was a scroll of vulnerability.
The goblin shoots a sling bullet.
The sling bullet misses you.
Found 11 gold pieces.
You now have 142 gold pieces (gained 11).
As you read the scroll labelled UXUACW TILELUSH, it crumbles to dust.
Your body is wracked with pain!
It was a scroll of torment.
As you read the scroll labelled YGAASY LUCEO, it crumbles to dust.
You feel aware of your surroundings.
You sensed 2 shops/portals.
It was a scroll of magic mapping.
The goblin shoots a sling bullet.
The sling bullet closely misses you.
You hear a shout!
The goblin shoots a sling bullet.
The sling bullet completely misses you.
The goblin shoots a sling bullet.
The sling bullet misses you.
You hear a shout! x2
You barely miss the goblin.
The goblin unwields a +0 sling.
The goblin wields a +0 club.
The goblin barely misses you.
You barely miss the goblin. The goblin completely misses you.
You hit the goblin.
You kill the goblin!
A hobgoblin comes into view. It is quivering poisoned darts.
The ogre hits you with a +0 giant club!!
You feel threatened and lose the ability to read scrolls!
Ouch! That really hurt!
You die...

........# ....###.##
.........#
.........#######
.....##..g.....#
...#.....#####.#
#.#####..# #.#
##,*,....# #.########
*,*.##?g#***#.O@.....#
**,#,*#.!##.g..######.#
*,,,,*#..##.##.# *,#
,**,**#...#,*#.#
*,*********** ***,*
*,,,,,,#.#
*,,,,,,,,,,,, ***,*
*,*,,,,#.#***
*,,********** ,,,,*
*,*,,*,...,,***,,******
* **,**
*,,,,,,..,,,,,,,,,,,,,*
* *,*
**,,*,,*,**,***,,****,*
*


You could see an ogre and a hobgoblin.

Vanquished Creatures
  Jessica (D:3)
  An orc wizard (D:3)
  Robin (D:3)
  3 adders
  2 dart slugs (D:1)
  4 orcs (D:3)
  7 endoplasms
  6 giant cockroaches
  16 goblins
  9 hobgoblins
  8 kobolds
  A quokka (D:3)
  7 ball pythons
  5 bats
  4 frilled lizards
  9 rats
84 creatures vanquished.

Vanquished Creatures (others)
  3 plants
3 creatures vanquished.

Grand Total: 87 creatures vanquished

Notes
Turn   | Place    | Note
-------+----------+-------------------------------------------
     0 | D:1      | NinjaNoafa the Djinni Venom Mage began the quest for the
                  | Orb.
     0 | D:1      | NinjaNoafa set off with the following spells memorised:
                  | Sting, Poisonous Vapours, Mephitic Cloud, Olgreb's Toxic
                  | Radiance.
     0 | D:1      | Reached XP level 1. HP: 15/15 MP: 0/0
   328 | D:1      | Reached XP level 2. HP: 20/21 MP: 0/0
   447 | D:1      | Upgraded the game from 0.30-a0-122-g2a1322497e to
                  | 0.30-a0-125-g51eefa89be
   508 | D:1      | Reached skill level 3 in Spellcasting
   862 | D:1      | Reached XP level 3. HP: 23/25 MP: 0/0
   862 | D:1      | Learned a level 1 spell: Freeze
  2394 | D:2      | Reached XP level 4. HP: 29/31 MP: 0/0
  2868 | D:3      | Noticed Jessica
  2873 | D:3      | Killed Jessica
  2874 | D:3      | Reached skill level 4 in Spellcasting
  2874 | D:3      | Reached XP level 5. HP: 25/35 MP: 0/0
  2874 | D:3      | Learned a level 2 spell: Scorch
  3037 | D:3      | Found a bloodstained altar of Trog.
  3149 | D:3      | Noticed Robin
  3169 | D:3      | Killed Robin
  3769 | D:3      | Gained mutation: You occasionally lose the ability to read
                  | scrolls when taking damage. [potion of mutation]
  3769 | D:3      | Gained mutation: You have hidden genetic defects. [potion
                  | of mutation]
  3769 | D:3      | Gained mutation: Your muscles are strong. (Str +4, Int/Dex
                  | -1) [potion of mutation]
  3769 | D:3      | Gained mutation: You expend health (3 HP) to strengthen
                  | your wands. [potion of mutation]
  3850 | D:3      | Found a snail-covered altar of Cheibriados.
  3884 | D:3      | Found a faded altar of an unknown god.
  4521 | D:4      | Noticed Grinder
  4525 | D:4      | Noticed an ogre
  4557 | D:4      | Slain by an ogre

Illustrated notes

Levels and vault maps discovered:
D:1:      nzn_arrival_water_spiral, layout_basic, st_stairs_11,
          chequers_big_river, minivault_24
D:2:      kennysheep_big_flooded_room, layout_basic, corexii_shack
D:3:      layout_basic, mainiacjoe_overflow_catch_the_wave,
          shapermc_ecumenical_altar_starsandcircs,
          hangedman_decor_clover_reticule, uniq_jessica, uniq_robin
D:4:      cheibrodos_quashed, layout_loops_ring, nicolae_ossuary_entry_monument,
          minmay_fractal_squares_5, uniq_grinder

Skill      XL: |  1  2  3  4 |
---------------+-------------+-----
Spellcasting   | 3 4 |  4.7
Dodging        | |  2.1
Stealth        | |  1.5

Action                   |  1- 3 |  4- 6 || total
-------------------------+-------+-------++-------
Melee: Dagger            |    25 |    38 ||    63
 Cast: Sting             |    40 |    13 ||    53
       Poisonous Vapours |    18 |    18 ||    36
       Freeze            |    10 |     8 ||    18
       Scorch            |       |    11 ||    11
       Mephitic Cloud    |       |     1 ||     1
       Olgreb's Toxic Ra |       |     1 ||     1
  Use: Potion            |     1 |     4 ||     5
       Scroll            |       |    11 ||    11
 Stab: Sleeping          |       |     1 ||     1
Armor: Robe              |    21 |    17 ||    38
       Skin              |       |    14 ||    14
Dodge: Dodged            |    59 |    39 ||    98

Table legend: (Time is in decaauts)
 A = Elapsed time spent in this place.
 B = Non-inter-level travel time spent in this place.
 C = Inter-level travel time spent in this place.
 D = Time resting spent in this place.
 E = Time spent auto-exploring this place.
 F = Levels seen in this place.
 G = Mean time per level.
                   A        B        C        D        E       F      G
               +--------+--------+--------+--------+--------+-----+--------+
         Total |   4564 |   4515 |     49 |     74 |   3769 |   4 | 1141.0 |
       Dungeon |   4564 |   4515 |     49 |     74 |   3769 |   4 | 1141.0 |
               +--------+--------+--------+--------+--------+-----+--------+

Top non-repeatable levels by time:
     D:3: 1752 daAuts
     D:1: 1418 daAuts
     D:2: 1357 daAuts
     D:4: 35 daAuts
